AoeStats
← Hector

Nomad

504691670Analyzed
3v3 RM · 26d ago on Sep 6, 2026· 46m 6s· 6 players
Game mode
Random Map
Map size
210×210
Population
200
Speed
Normal
Resources
Standard
Victory
Conquest
Starting age
Dark Age
Ending age
Imperial Age
RankedLock teamsTeams togetherTeam positionsShared explorationLock speedFull tech treeHidden civsTurbo modeCheats
Victory
Defeat
🇻🇳 Malians · Vietnam
1452
+14
🇧🇷 Koreans · Brazil
1441
+15
🇦🇷 Hindustanis · Argentina
1392
+17
🇦🇹 Berbers · Austria
1515
-19
🇻🇳 Vikings · Vietnam
1399
-15
🇹🇼 Huns · Taiwan
1320
-12
Guido
12:28 Loom
14:56 Feudal Age
19:07 Castle Age
17:04 Gold Mining
17:51 Forging
18:32 Stone Mining
20:06 Medium Warships
19:58 Double-Bit Axe
25:37 Fletching
40:12 Imperial Age
38:20 Squires
37:40 Pikeman
38:06 Arson
43:28 Scale Mail Armor
44:05 Iron Casting
46:16 Imperial Age
44:24 Wheelbarrow
43:38 Town Watch
46:49 Chain Mail Armor
NPChinh
3:35 Loom
17:44 Feudal Age
17:49 Man-at-Arms
18:18 Arson
19:42 Forging
19:32 Scale Mail Armor
19:25 Double-Bit Axe
19:22 Fishing Lines
21:12 Wheelbarrow
22:04 Horse Collar
28:45 Castle Age
28:41 Gold Mining
28:47 Stone Mining
29:29 Squires
28:54 Long Swordsman
30:25 Iron Casting
30:30 Chain Mail Armor
32:06 Gold Shaft Mining
31:33 Gillnets
32:29 Hand Cart
31:43 Pikeman
32:49 Bow Saw
32:41 Heavy Plow
43:45 Imperial Age
43:22 Stone Shaft Mining
44:15 Fletching
43:56 Two-Handed Swordsman
44:58 Champion
45:36 Capped Ram
47:02 Crop Rotation
Kosmic Ironside
5:36 Loom
12:33 Feudal Age
16:49 Castle Age
16:56 Double-Bit Axe
18:32 Bow Saw
21:25 Medium Warships
28:11 Wheelbarrow
28:41 Stone Mining
28:42 Gold Mining
29:28 Fletching
30:16 Scale Mail Armor
32:50 Horse Collar
38:11 Imperial Age
36:56 Forging
36:49 Squires
38:03 Chain Mail Armor
38:22 Arson
39:14 Iron Casting
40:28 Conscription
44:35 Hand Cart
45:43 Chemistry
44:55 Masonry
46:05 Two-Man Saw
46:26 Siege Engineers
姜午陽
3:53 Loom
16:44 Feudal Age
18:24 Double-Bit Axe
24:54 Castle Age
23:52 Bloodlines
23:56 Scale Barding Armor
24:02 Forging
24:08 Horse Collar
41:57 Wheelbarrow
gianghodd01
6:33 Loom
14:18 Feudal Age
21:04 Castle Age
21:01 Fishing Lines
45:07 Double-Bit Axe
45:39 Horse Collar
Hector
10:57 Loom
15:10 Feudal Age
18:56 Castle Age
21:28 Double-Bit Axe
21:23 Horse Collar
23:27 Heavy Plow
23:37 Bow Saw
26:10 Fletching
27:05 Bodkin Arrow
28:38 Gold Mining
30:23 Bloodlines
30:36 Padded Archer Armor
30:38 Husbandry
31:39 Padded Archer Armor
32:53 Kasbah
33:32 Wheelbarrow
33:06 Town Watch
37:45 Imperial Age
35:31 Leather Archer Armor
35:38 Ballistics
35:00 Treadmill Crane
35:37 Hand Cart
38:07 Masonry
38:39 Bracer
39:49 Chemistry
39:49 Ring Archer Armor
39:49 Conscription
45:02 Ring Archer Armor
44:41 Siege Engineers
44:49 Elite Camel Archer
46:29 Fortified Wall
Connection lost

Rejoining the realm…

Still unreachable

The connection could not be restored.

Session expired

The server has moved on; the page needs a fresh start.